 Dungeon Crawl Stone Soup version 0.31-a0-977-gc230f8ef24 (webtiles) character file.

Game seed: 14949350518658735054

51 dialectric the Sneak (level 3, 0/18 HPs)
             Began as a Spriggan Brigand on Oct 29, 2023.
             Slain by a hobgoblin
             ... wielding a +0 mace
             ... led by Robin
              (5 damage)
             ... on level 2 of the Dungeon.
             The game lasted 00:01:22 (1100 turns).

dialectric the Sneak (Spriggan Brigand)             Turns: 1100, Time: 00:01:22

Health: 0/18       AC:  3    Str:  9    XL:     3   Next: 58%
Magic:  4/4        EV: 16    Int: 12    God:
Gold:   82         SH:  0    Dex: 16    Spells: 2/2 levels left

rFire   . . .        a - +2 dagger
rCold   . . .        (no shield)
rNeg    . . .        b - +0 robe
rPois   .            (helmet restricted)
rElec   .            c - +0 cloak
rCorr   .            (gloves unavailable)
SInv    +            (boots unavailable)
Will    .....        (no amulet)
Stlth   ++++         (no ring)
HPRegen 0.23/turn    (no ring)
MPRegen 0.09/turn

%: no passive effects
@: very quick
A: very small, no large weapons, unfitting armour, see invisible, speed 3
a: no special abilities


You were on level 2 of the Dungeon.
You visited 1 branch of the dungeon, and saw 2 of its levels.

You collected 82 gold pieces.

Inventory:

Hand Weapons
 a - a +2 dagger (weapon)
Missiles
 d - 16 poisoned darts (quivered)
 e - 3 curare-tipped darts
Armour
 b - a +0 robe (worn)
 c - a +0 cloak (worn)
Jewellery
 j - a ring of magical power
Talismans
 h - a flux talisman
Scrolls
 f - 2 scrolls of identify
Potions
 g - a potion of heal wounds
 i - 2 potions of curing {unknown}


   Skills:
 * Level 1.8 Fighting
 + Level 2.7 Short Blades
 - Level 2.0 Throwing
 + Level 1.7 Dodging
 + Level 7.3 Stealth


You had 2 spell levels left.
You didn't know any spells.
Your spell library was empty.

Dungeon Overview and Level Annotations

Branches:
Dungeon (2/15)

Altars:

Annotations:
D:1 Robin


Innate Abilities, Weirdness & Mutations

You are very small and have problems with some larger weapons.
You are too small for most types of armour.
You have supernaturally acute eyesight. (SInv)
You cover ground extremely quickly. (Speed+++)


Message History

The hobgoblin shouts!
You hit the hobgoblin.
The hobgoblin is moderately wounded.
The hobgoblin hits you.
You closely miss the hobgoblin.
The hobgoblin is moderately wounded.
You hit the hobgoblin.
You kill the hobgoblin!
You hit the hobgoblin.
The hobgoblin is moderately wounded.
The hobgoblin hits you with a +0 mace!
You are too injured to fight recklessly!
You are too injured to fight recklessly!
You are too injured to fight recklessly!
You are too injured to fight recklessly!
You are too injured to fight recklessly!
You are too injured to fight recklessly!
You are too injured to fight recklessly!
You are too injured to fight recklessly!
You are too injured to fight recklessly!
You hit the hobgoblin but do no damage.
The hobgoblin is lightly wounded.
The hobgoblin closely misses you.
You completely miss the hobgoblin.
The hobgoblin is lightly wounded.
You barely miss the hobgoblin.
The hobgoblin is lightly wounded.
The hobgoblin hits you with a +0 mace.
* * * LOW HITPOINT WARNING * * *
You barely miss the hobgoblin.
The hobgoblin is lightly wounded.
The hobgoblin hits you with a +0 mace.
* * * LOW HITPOINT WARNING * * *
You barely miss the hobgoblin.
The hobgoblin is lightly wounded.
The hobgoblin completely misses you.
You barely miss the hobgoblin.
The hobgoblin is lightly wounded.
The hobgoblin hits you with a +0 mace.
You die...

#..# #......... #..#
#.######## #..# #.#
#..## #.#
#####.))###.##
#....<.......#
#.###.............
#####.###...###..####.
......g@....# #..#
......####..# #..#
##### #.......#
##?####.# ... .# ..#
..#


You could see a hobgoblin.

Vanquished Creatures
  A gnoll (D:1)
  2 dart slugs (D:1)
  4 ball pythons
  2 giant cockroaches (D:1)
  3 goblins
  5 hobgoblins
  8 jackals (D:1)
  3 kobolds
  A bat (D:2)
  A frilled lizard (D:1)
  2 rats (D:1)
32 creatures vanquished.

Notes
Turn   | Place    | Note
-------+----------+-------------------------------------------
     0 | D:1      | dialectric the Spriggan Brigand began the quest for the
                  | Orb.
     0 | D:1      | Reached XP level 1. HP: 10/10 MP: 2/2
    25 | D:1      | Reached skill level 6 in Stealth
   136 | D:1      | Reached XP level 2. HP: 14/14 MP: 3/3
   435 | D:1      | Reached skill level 7 in Stealth
   443 | D:1      | Reached XP level 3. HP: 18/18 MP: 4/4
   920 | D:2      | Noticed Robin
  1100 | D:2      | Slain by a hobgoblin

Illustrated notes

Levels and vault maps discovered:
D:1:      tarquinn_simple_flora_water_e, layout_loops_corners
D:2:      layout_loops_ring, uniq_robin

Skill      XL: |  1  2 |
---------------+-------+-----
Stealth        | 6 7 |  7.3
Fighting       | |  1.8
Short Blades   | |  2.7
Throwing       | |  2.0
Dodging        | |  1.7

Action                     || total
---------------------------++-------
  Melee: Dagger            ||   106
         Punch             ||     1
    Use: Scroll            ||     1
   Stab: Sleeping          ||     9
 Armour: Robe              ||    37
  Dodge: Dodged            ||    92

Table legend: (Time is in decaauts)
 A = Elapsed time spent in this place.
 B = Non-inter-level travel time spent in this place.
 C = Inter-level travel time spent in this place.
 D = Time resting spent in this place.
 E = Time spent auto-exploring this place.
 F = Levels seen in this place.
 G = Mean time per level.
                   A        B        C        D        E       F      G
               +--------+--------+--------+--------+--------+-----+--------+
         Total |    706 |    674 |     32 |      0 |    460 |   2 |  353.0 |
       Dungeon |    706 |    674 |     32 |      0 |    460 |   2 |  353.0 |
               +--------+--------+--------+--------+--------+-----+--------+

Top non-repeatable levels by time:
     D:1: 657 daAuts
     D:2: 49 daAuts
